 Dungeon Crawl Stone Soup version 0.30.0-29-ga12c61a403 (webtiles) character file.

Game seed: 5002970868267575533

7 monsoonserge the Conjurer (level 2, 17/17 HPs)
             Began as a Gargoyle Reaver on June 8, 2023.
             Was a Follower of Fedhas.
             Quit the game on level 1 of the Dungeon.
             The game lasted 00:01:07 (142 turns).

monsoonserge the Conjurer (Gargoyle Reaver)          Turns: 142, Time: 00:01:08

Health: 17/17      AC:  6    Str: 15    XL:     2   Next: 4%
Magic:  5/5        EV: 11    Int: 13    God:    Fedhas [*.....]
Gold:   34         SH:  0    Dex:  8    Spells: 4/5 levels left

rFire   . . .        a - +0 mace
rCold   . . .        (no shield)
rNeg    + . .        b - +0 leather armour
rPois   ∞            (no helmet)
rElec   +            d - +0 cloak
rCorr   .            (no gloves)
SInv    .            (no boots)
Will    .....        (no amulet)
Stlth   +            (no ring)
HPRegen 0.22/turn    (no ring)
MPRegen 0.09/turn

%: no passive effects
@: no status effects
A: sickness immunity, AC +2, negative energy resistance 1, electricity
resistance, torment resistance 1, petrification resistance
a: Renounce Religion


You were on level 1 of the Dungeon.
You worshipped Fedhas.
Fedhas was aware of your devotion.
You visited 1 branch of the dungeon, and saw 1 of its levels.

You collected 34 gold pieces.

Inventory:

Hand Weapons
 a - a +0 mace (weapon)
Armour
 b - a +0 leather armour (worn)
 d - a +0 cloak (worn)
Scrolls
 c - a scroll of identify {unknown}


   Skills:
 + Level 2.2 Fighting
 + Level 3.2 Maces & Flails
 * Level 0.4 Armour
 + Level 1.6 Dodging
 - Level 2.0 Spellcasting
 + Level 3.4 Conjurations
 * Level 0.2 Necromancy


You had 4 spell levels left.
You knew the following spells:

 Your Spells              Type           Power      Damage    Failure   Level
a - Kiss of Death         Conj/Necr      20%        2d7       16%         1

Your spell library contained the following spells:

 Spells                   Type           Power      Damage    Failure   Level
 Momentum Strike          Conj/Tloc      10%        3d8       24%         2
 Hailstorm                Conj/Ice       5%         3d4       43%         3


Dungeon Overview and Level Annotations

Branches:
Dungeon (1/15)

Altars:
Fedhas


Innate Abilities, Weirdness & Mutations

You are immune to sickness and miasma.
Your stone body is resilient. (AC +2)
You are immune to poison.
You resist negative energy. (rN+)
You are resistant to electric shocks. (rElec)
You are resistant to unholy torment.
You are immune to petrification.


Message History

You sock the kobold!
You kill the kobold!
Things that are here:
a +0 whip; 2 stones You now have 13 gold pieces.
You now have 18 gold pieces (gained 5).
A giant cockroach comes into view.
Found 16 gold pieces.
The giant cockroach barely misses you.
You hit the giant cockroach.
The giant cockroach is heavily wounded.
The giant cockroach closely misses you.
The giant cockroach bites you but does no damage.
You barely miss the giant cockroach.
The giant cockroach is heavily wounded.
The giant cockroach bites you but does no damage.
You hit the giant cockroach.
You kill the giant cockroach!
You see here a giant cockroach corpse.
You now have 34 gold pieces (gained 16).
There are no items here.
Found an escape hatch in the floor.
An endoplasm comes into view.
The endoplasm quivers.
Found a faded altar of an unknown god.
Found a cloak.
The endoplasm closely misses you.
You thump the endoplasm!
You kill the endoplasm!
You have reached level 2!
There is an escape hatch in the floor here.
You see here a +0 cloak.
d - a +0 cloak You start putting on your armour.
You continue putting on your +0 cloak. x4
You finish putting on your +0 cloak.
There is an escape hatch in the floor here.
There is a faded altar of an unknown god here.
This altar belongs to (a) Fedhas, (b) Gozag or (c) Ignis, but you can't tell which.
Press the corresponding letter to learn more about a god, or press enter to convert or escape to cancel.
Fedhas accepts your prayer! Fedhas welcomes you!
The plants of the dungeon cease their hostilities.
Are you sure you want to abandon this character and quit the game? (Confirm with "yes".)

# #.# . #.# #
#.# #.# #.##
#..# # ##>#
#.##.########.#
#........@....#
#.##...########
# ####.#
#######. #.#
...... #.# #..#
#.# ####..##
#.# .......##
#.#
###†....#####.#


There were no monsters in sight!

Vanquished Creatures
  A bat (D:1)
  2 endoplasms (D:1)
  A giant cockroach (D:1)
  A kobold (D:1)
  A ball python (D:1)
6 creatures vanquished.

Notes
Turn   | Place    | Note
-------+----------+-------------------------------------------
     0 | D:1      | monsoonserge the Gargoyle Reaver began the quest for the
                  | Orb.
     0 | D:1      | Reached XP level 1. HP: 12/12 MP: 3/3
   112 | D:1      | Found a faded altar of an unknown god.
   116 | D:1      | Reached XP level 2. HP: 17/17 MP: 5/5
   141 | D:1      | Prayed at the altar of an unknown god.
   141 | D:1      | Became a worshipper of Fedhas Madash
   141 | D:1      | Reached * piety under Fedhas
   142 | D:1      | Quit the game

Illustrated notes

Levels and vault maps discovered:
D:1:      lightli_arrival_lavapool, layout_loops_ring, basic_ecumenical_altar

Action                     || total
---------------------------++-------
  Melee: Mace              ||    10
 Armour: Leather armour    ||     4
  Dodge: Dodged            ||     6
